 Dungeon Crawl Stone Soup version 0.22.0-25-g7663229ff0 (webtiles) character file.

302 MirrMurr the Chopper (level 6, -2/56 HPs)
             Began as a Deep Dwarf Fighter on Aug 21, 2018.
             Splashed by Ijyb's acid (8 damage)
             ... on level 3 of the Dungeon.
             The game lasted 00:03:39 (1638 turns).

MirrMurr the Chopper (Deep Dwarf Fighter)           Turns: 1638, Time: 00:03:40

Health: -2/56      AC:  3    Str: 20    XL:     6   Next: 14%
Magic:  5/5        EV:  4    Int: 10    God:
Gold:   85         SH:  9    Dex: 12    Spells: 5/5 levels left

rFire    . . .     SeeInvis .   a - +0 war axe
rCold    . . .     Gourm    .   c - +0 shield
rNeg     . . .     Faith    .   k - +0 plate armour
rPois    .         Spirit   .   (no helmet)
rElec    .         Reflect  .   (no cloak)
rCorr    .         Harm     .   (no gloves)
MR       .....                  (no boots)
Stlth    ..........             (no amulet)
HPRegen  0.00/turn              (no ring)
MPRegen  0.09/turn              (no ring)

@: corroded, non-regenerating
A: damage resistance, heal wounds, sense surroundings 1, no regeneration
a: Heal Wounds


You were on level 3 of the Dungeon.
You were not hungry.

You visited 1 branch of the dungeon, and saw 3 of its levels.

You collected 85 gold pieces.

Inventory:

Hand Weapons
 a - a +0 war axe (weapon)
Missiles
 e - 135 stones (quivered)
Armour
 c - a +0 shield (worn)
 k - a +0 plate armour (worn)
Scrolls
 h - a scroll of enchant weapon {unknown}
 i - a scroll of teleportation {unknown}
 l - a scroll of enchant armour {unknown}
 m - 2 scrolls of fear {unknown}
 q - a scroll of identify {unknown}
 r - 2 scrolls of remove curse
Potions
 d - a potion of might
 g - a potion of lignification {unknown}
 j - a potion of resistance {unknown}
 n - 2 potions of haste {unknown}
 o - a potion of cancellation {unknown}
 p - a potion of curing
 s - a potion of ambrosia {unknown}
Comestibles
 b - 6 chunks of flesh
 f - 7 rations


   Skills:
 + Level 3.5 Fighting
 * Level 4.4 Axes
 + Level 4.3 Armour
 + Level 2.4 Dodging
 + Level 4.2 Shields


You had 5 spell levels left.
You didn't know any spells.
Your spell library was empty.

Dungeon Overview and Level Annotations

Branches:
Dungeon (3/15)

Altars:

Annotations:
D:3 Ijyb


Innate Abilities, Weirdness & Mutations

You are resistant to damage.
You can heal yourself by infusing magical energy.
You passively map a small area around you.
You do not regenerate.


Message History

Ijyb screams, "Me kill you!"
Ijyb zaps a wand.
The bolt of acid hits you! The acid corrodes you!
You are splashed with acid!
The acid burns!
It is a wand of acid (8).
You are too injured to fight recklessly!
You are too injured to fight recklessly!
You are too injured to fight recklessly!
You are too injured to fight recklessly!
Ijyb hits you but does no damage.
There is an escape hatch in the floor here.
You closely miss Ijyb. You block Ijyb's attack.
Ijyb hits you but does no damage.
You closely miss Ijyb.
Ijyb zaps a wand.
The bolt of acid hits you!
You are splashed with acid!
The acid burns!
* * * LOW HITPOINT WARNING * * *
You miss Ijyb. You block Ijyb's attack. Ijyb hits you but does no damage.
You fail to use your ability.
Ijyb hits you but does no damage.
You closely miss Ijyb.
Ijyb zaps a wand.
The bolt of acid hits you!
* * * LOW HITPOINT WARNING * * *
The acid corrodes you!
You are splashed with acid!
The acid burns!
You die...

# * # , *
, ### * ,
,, ..# #
* ,#.#* *
** # *
,... ,, #
* *#.# **
* * ####
#g# ....
, #@# *
####* , *
#.# * # *
#.#
###### #
#.####
##...# .#
#....# ,
.....#..#
#.##.# *
*
........#
#.##.# *
###.##.##
#.##.# #
#.##.#
#.##.## *
*


You could see Ijyb.

Vanquished Creatures
  A centaur (D:3)
  2 orc priests
  Jessica (D:2)
  Natasha (D:2)
  Robin (D:3)
  An adder (D:2)
  An ooze (D:3)
  4 worms
  3 dart slugs
  8 orcs
  8 bats
  4 giant cockroaches
  7 goblins
  6 hobgoblins
  3 jackals
  A quokka (D:3)
  2 frilled lizards
  10 kobolds
  4 rats
68 creatures vanquished.

Notes
Turn   | Place    | Note
-------+----------+-------------------------------------------
     0 | D:1      | MirrMurr the Deep Dwarf Fighter began the quest for the Orb.
     0 | D:1      | Reached XP level 1. HP: 20/20 MP: 1/1
   151 | D:1      | Reached XP level 2. HP: 27/27 MP: 2/2
   423 | D:2      | Noticed Natasha
   634 | D:2      | Reached skill level 1 in Dodging
   760 | D:2      | Reached XP level 3. HP: 20/34 MP: 3/3
   802 | D:2      | Reached XP level 4. HP: 33/42 MP: 4/4
   990 | D:2      | Killed Natasha
  1097 | D:2      | Noticed Jessica
  1109 | D:2      | Killed Jessica
  1109 | D:2      | Reached XP level 5. HP: 36/49 MP: 5/5
  1275 | D:3      | Noticed Robin
  1300 | D:3      | Killed Robin
  1324 | D:3      | Noticed a centaur
  1332 | D:3      | Killed a centaur
  1481 | D:3      | Reached XP level 6. HP: 32/56 MP: 6/6
  1629 | D:3      | Noticed Ijyb
  1638 | D:3      | Splashed by Ijyb's acid

Skill      XL: |  1  2  3  4  5 |
---------------+----------------+-----
Dodging        | 1 2 |  2.4
Fighting       | 3 |  3.5
Axes           | 3 4 |  4.4
Armour         | 4 |  4.3
Shields        | 4 |  4.2

Action                   |  1- 3 |  4- 6 || total
-------------------------+-------+-------++-------
Melee: War axe           |    82 |   131 ||   213
 Abil: Heal Wounds       |     2 |     1 ||     3
  Use: Scroll            |       |     1 ||     1
  Eat: Chunk             |       |     3 ||     3
Armor: Scale mail        |     6 |       ||     6
       Plate armour      |    40 |    83 ||   123
Dodge: Dodged            |    16 |    20 ||    36
Block: Shield            |    41 |    64 ||   105
